 Dungeon Crawl Stone Soup version 0.26.1-11-gd32895ea62 (webtiles) character file.

Game seed: 15263049506962444834

2374 jlumianski the Magician (level 9, -5/70 HPs)
             Began as a Gnoll Warper on July 8, 2021.
             Was a Believer of Qazlal.
             Slain by an ogre
             ... wielding a +0 giant spiked club
              (17 damage)
             ... on level 7 of the Dungeon.
             The game lasted 00:50:50 (8695 turns).

jlumianski the Magician (Gnoll Warper)              Turns: 8695, Time: 00:50:53

Health: -5/70      AC:  7    Str: 13    XL:     9   Next: 45%
Magic:  19/19      EV: 15    Int: 19    God:    Qazlal [**....]
Gold:   317        SH:  3    Dex: 15    Spells: 16/21 levels left

rFire    . . .     SeeInvis .   J - +7 battleaxe "Poesig" {elec, rC++}
rCold    + + .     Faith    .   (shield currently unavailable)
rNeg     . . .     Spirit   .   b - +0 leather armour
rPois    .         Reflect  .   i - +0 helmet
rElec    .         Harm     .   D - +0 cloak
rCorr    +         Rampage  .   A - +0 pair of gloves
Will     .....                  (no boots)
Stlth    ++........             (no amulet)
HPRegen  0.21/turn              s - ring of resist corrosion
MPRegen  0.16/turn              (no ring)

@: no status effects
A: distributed training, fangs 1, strong nose
a: Renounce Religion, Upheaval


You were on level 7 of the Dungeon.
You worshipped Qazlal.
Qazlal was pleased with you.
You visited 2 branches of the dungeon, and saw 8 of its levels.

You collected 317 gold pieces.

Inventory:

Hand Weapons
 a - a +0 hand axe
 n - a +0 whip of draining
 q - a +1 falchion of holy wrath
 r - a +0 falchion of flaming
 C - a +3 quarterstaff of chaos
 H - the +6 arbalest of the Moon {flame, rC+}
   (You found it on level 6 of the Dungeon)

   It causes projectiles fired from it to burn those they strike, causing extra
   injury to most foes and up to half again as much damage against particularly
   susceptible opponents.
   It protects you from cold.
 J - the +7 battleaxe "Poesig" (weapon) {elec, rC++}
   (You found it on level 6 of the Dungeon)

   Occasionally, upon striking a foe, it can discharge electrical energy and
   cause terrible harm.
   It greatly protects you from cold.
 N - a +4 war axe
 P - a +1 war axe of flaming
Missiles
 c - 55 bolts
 e - 7 boomerangs of dispersal
 j - 169 stones
 k - 85 arrows
 p - a boomerang (quivered)
 y - 27 poisoned darts
Armour
 b - a +0 leather armour (worn)
 d - a +0 helmet
 i - a +0 helmet (worn)
 A - a +0 pair of gloves (worn)
 D - a +0 cloak (worn)
 M - the +8 tower shield of Yredelemnul's Favour {Str+4, unknown}
   (You found it on level 6 of the Dungeon)

   It affects your strength (+4).
Jewellery
 s - a ring of resist corrosion (left hand)
Wands
 g - a wand of paralysis (4)
 K - a wand of acid (6)
Scrolls
 h - 2 scrolls of enchant armour {unknown}
 t - 2 scrolls of remove curse
 B - a scroll of noise {unknown}
 F - a scroll of silence {unknown}
 G - a scroll of fog {unknown}
 O - a scroll of magic mapping {unknown}
Potions
 f - a potion of magic {unknown}
 m - 2 potions of degeneration {unknown}
 o - a potion of brilliance {unknown}
 u - a potion of resistance {unknown}
 v - a potion of attraction
 w - 2 potions of mutation {unknown}
 x - a potion of flight {unknown}
 z - 2 potions of lignification {unknown}
 E - a potion of haste {unknown}
 L - a potion of might {unknown}


   Skills:
 + Level 6.3 Fighting
 + Level 4.2 Short Blades
 + Level 4.2 Long Blades
 + Level 6.3 Axes
 + Level 4.2 Maces & Flails
 + Level 4.2 Polearms
 + Level 4.2 Staves
 + Level 4.2 Slings
 + Level 4.2 Bows
 + Level 4.2 Crossbows
 + Level 5.0 Throwing
 + Level 5.0 Armour
 + Level 6.3 Dodging
 + Level 4.2 Stealth
 + Level 4.2 Shields
 + Level 4.2 Unarmed Combat
 + Level 6.6 Spellcasting
 + Level 3.5 Conjurations
 + Level 3.5 Hexes
 + Level 3.5 Summonings
 + Level 3.5 Necromancy
 + Level 6.5 Translocations
 + Level 3.5 Transmutations
 + Level 3.5 Fire Magic
 + Level 3.5 Ice Magic
 + Level 3.5 Air Magic
 + Level 3.5 Earth Magic
 + Level 3.5 Poison Magic
 + Level 4.7 Invocations
 + Level 4.2 Evocations


You had 16 spell levels left.
You knew the following spells:

 Your Spells              Type           Power        Failure   Level
a - Blink                 Tloc           N/A          1%          2
b - Gell's Gravitas       Tloc           15%          2%          3

Your spell library contained the following spells:

 Spells                   Type           Power        Failure   Level
 Lesser Beckoning         Tloc           15%          2%          3
 Teleport Other           Tloc           31%          2%          3
 Passage of Golubria      Tloc           N/A          9%          4


Dungeon Overview and Level Annotations

Branches:
Dungeon (7/15)             Temple (1/1) D:4

Altars:
Ashenzari
Cheibriados
Dithmenos
Elyvilon
Fedhas
Gozag
Hepliaklqana
Kikubaaqudgha
Makhleb
Nemelex Xobeh
Okawaru
Qazlal
Sif Muna
Trog
Uskayaw
Vehumet
Wu Jian
Xom
Zin
The Shining One

Annotations:
D:2 Grinder
D:3 3 runed translucent doors, ISoar's ghost, amateur OpTm; Sigmund
D:7 Joseph


Innate Abilities, Weirdness & Mutations

Your experience applies equally to all skills.
You have very sharp teeth.
Your uncanny sense of smell can sniff out nearby items.


Message History

Things that are here:
3 sling bullets; a sky beast corpse You slash Joseph!
Lightning courses through Joseph! You bite Joseph, but do no damage.
Joseph is heavily wounded.
Joseph unwields a +1 hunting sling of flaming.
It stops flaming.
Joseph wields a +0 quarterstaff.
Joseph hits you with a +0 quarterstaff.
* * * LOW HITPOINT WARNING * * *
Joseph closely misses you.
You hit Joseph but do no damage.
Joseph is heavily wounded.
Joseph barely misses you.
You slice Joseph!!
Joseph is severely wounded.
You barely miss the ogre.
You hear a bark!
Joseph is engulfed in freezing vapours.
Joseph hits you but does no damage.
The ogre hits you with a +0 giant spiked club!
You die...

####....###.
##...................
+............[.......
#...................
#...................
#...................
#..).....................
#......(....O............
####........(.(@@.............
#...............§.............
#.##.........................##.
# #...........................
#....÷÷..(................#
#........(((..............###
#............................
#..........................#
#.......................)†.#


You could see Joseph and an ogre.

Vanquished Creatures
  An ice beast (D:7)
  2 orc warriors
  A sky beast (D:7)
  A phantom (D:2)
  A centaur (D:7)
  2 ogres
  2 bullfrogs (D:6)
  2 water moccasin zombies (D:6)
  3 scorpions
  5 killer bees (D:6)
  A quasit (D:7)
  2 centaur skeletons
  2 jellies (D:6)
  10 orc wizards
  Crazy Yiuf (D:4)
  2 bullfrog skeletons
  A hound (D:5)
  2 orc priests
  An iguana (D:5)
  Ijyb (D:3)
  2 worker ants
  Robin (D:3)
  7 adders
  7 gnolls
  4 white imps
  An ufetubus (D:7)
  2 adder zombies
  4 worms
  3 dart slugs
  6 leopard geckos
  40 orcs
  3 ball pythons
  4 giant cockroaches
  24 goblins
  7 hobgoblins
  8 jackals
  5 quokkas
  5 bats
  3 frilled lizards
  11 kobolds
  A quokka skeleton (D:7)
  5 rats
196 creatures vanquished.

Vanquished Creatures (others)
  A sky beast (D:7)
1 creature vanquished.

Grand Total: 197 creatures vanquished

Notes
Turn   | Place    | Note
-------+----------+-------------------------------------------
     0 | D:1      | jlumianski the Gnoll Warper began the quest for the Orb.
     0 | D:1      | Reached XP level 1. HP: 20/20 MP: 6/6
   326 | D:1      | Reached XP level 2. HP: 24/26 MP: 7/7
   332 | D:1      | Learned a level 2 spell: Blink
   852 | D:2      | Reached skill level 5 in Spellcasting
   852 | D:2      | Reached XP level 3. HP: 31/31 MP: 5/9
   937 | D:2      | Reached skill level 1 in Invocations
  1108 | D:1      | Reached skill level 1 in Short Blades
  1108 | D:1      | Reached skill level 1 in Long Blades
  1108 | D:1      | Reached skill level 1 in Maces & Flails
  1108 | D:1      | Reached skill level 1 in Polearms
  1108 | D:1      | Reached skill level 1 in Staves
  1108 | D:1      | Reached skill level 1 in Slings
  1108 | D:1      | Reached skill level 1 in Bows
  1108 | D:1      | Reached skill level 1 in Crossbows
  1108 | D:1      | Reached skill level 1 in Stealth
  1108 | D:1      | Reached skill level 1 in Shields
  1108 | D:1      | Reached skill level 1 in Unarmed Combat
  1108 | D:1      | Reached skill level 1 in Evocations
  1257 | D:2      | Noticed a scorpion
  1267 | D:2      | Killed a scorpion
  1268 | D:2      | Reached skill level 1 in Conjurations
  1268 | D:2      | Reached skill level 1 in Hexes
  1268 | D:2      | Reached skill level 1 in Summonings
  1268 | D:2      | Reached skill level 1 in Necromancy
  1268 | D:2      | Reached skill level 1 in Transmutations
  1268 | D:2      | Reached skill level 1 in Fire Magic
  1268 | D:2      | Reached skill level 1 in Ice Magic
  1268 | D:2      | Reached skill level 1 in Air Magic
  1268 | D:2      | Reached skill level 1 in Earth Magic
  1268 | D:2      | Reached skill level 1 in Poison Magic
  1268 | D:2      | Reached XP level 4. HP: 38/38 MP: 8/11
  1335 | D:2      | Noticed a phantom
  1361 | D:2      | Killed a phantom
  1362 | D:2      | Reached XP level 5. HP: 38/43 MP: 12/12
  1761 | D:2      | Learned a level 3 spell: Gell's Gravitas
  2025 | D:2      | Reached XP level 6. HP: 45/50 MP: 13/13
  2107 | D:3      | Noticed Grinder
  2116 | D:3      | Noticed an orc warrior
  2124 | D:2      | Paralysed by Grinder for 7 turns
  2514 | D:3      | Noticed Robin
  2525 | D:3      | Killed Robin
  2542 | D:3      | Reached skill level 5 in Fighting
  2542 | D:3      | Reached skill level 5 in Axes
  2542 | D:3      | Reached skill level 5 in Dodging
  2658 | D:3      | Found a runed translucent gate.
  2658 | D:3      | Found a runed translucent gate.
  2658 | D:3      | Found a runed translucent gate.
  2659 | D:3      | Noticed ISoar's ghost (amateur OpTm)
  2850 | D:3      | Killed an orc warrior
  2851 | D:3      | Reached XP level 7. HP: 26/56 MP: 8/15
  3015 | D:3      | Found a faded altar of an unknown god.
  3068 | D:3      | Noticed Sigmund
  3501 | D:2      | Paralysed by Grinder for 4 turns
  3524 | D:2      | Paralysed by Grinder for 6 turns
  4319 | D:4      | Found a staircase to the Ecumenical Temple.
  4341 | Temple   | Entered the Ecumenical Temple
  4475 | Temple   | Became a worshipper of Qazlal Stormbringer
  4584 | D:4      | Noticed Ijyb
  4597 | D:4      | Paralysed by Ijyb for 2 turns
  4780 | D:3      | Paralysed by Ijyb for 2 turns
  4789 | D:3      | Paralysed by Ijyb for 3 turns
  4791 | D:3      | Killed Ijyb
  5227 | D:4      | Found a runed translucent door.
  5228 | D:4      | Noticed Crazy Yiuf
  5244 | D:4      | Killed Crazy Yiuf
  5648 | D:5      | Entered Level 5 of the Dungeon
  5925 | D:5      | Found a shadowy altar of Dithmenos.
  5931 | D:5      | Found an opulent altar of Gozag.
  5931 | D:5      | Found a blossoming altar of Fedhas.
  6247 | D:5      | Found a broken altar of Ashenzari.
  6254 | D:5      | Reached * piety under Qazlal
  6255 | D:5      | Reached XP level 8. HP: 63/63 MP: 16/16
  6411 | D:5      | Found a sparkling altar of Nemelex Xobeh.
  7028 | D:6      | Got a jewelled arbalest
  7041 | D:6      | Identified the +6 arbalest of the Moon {flame, rC+} (You
                  | found it on level 6 of the Dungeon)
  7086 | D:6      | Got a steaming battleaxe
  7113 | D:5      | Identified the +7 battleaxe "Poesig" {elec, rC++} (You
                  | found it on level 6 of the Dungeon)
  7382 | D:6      | Got a pitted tower shield
  7639 | D:6      | Reached ** piety under Qazlal
  7640 | D:6      | Reached XP level 9. HP: 67/69 MP: 18/18
  8205 | D:7      | HP: 3/69 [killer bee (7)]
  8614 | D:7      | Reached skill level 5 in Throwing
  8614 | D:7      | Reached skill level 5 in Armour
  8679 | D:7      | Noticed Joseph
  8695 | D:7      | Slain by an ogre

Illustrated notes

Levels and vault maps discovered:
D:1:      dpeg_arrival_boxes_within_box, layout_rooms, minmay_misc_feat_square
D:2:      layout_basic, amcnicky_mini_corridor_feature
D:3:      layout_rooms, chequers_ecumenical_altar_simple_redux,
          gammafunk_ghost_nasty_kobolds, kennysheep_generic_room_10,
          uniq_sigmund, uniq_robin, uniq_grinder
D:4:      layout_rooms, minmay_temple_entry_wispy, kennysheep_decorative_pillar,
          uniq_crazy_yiuf_cottage, uniq_ijyb
D:5:      layout_loops_corners, grunt_temple_overflow_open, ashenzari_altar_1,
          kennysheep_generic_room_15
D:6:      layout_layer_cave
D:7:      layout_basic, lightli_ossuary_entry_decrepit_ruins, uniq_joseph
Temple:   regret_index_temple_waves

Skill      XL: |  1  2  3  4  5  6  7  8  9 |
---------------+----------------------------+-----
Spellcasting   | 5 6 |  6.6
Invocations    | 1 2 3 4 |  4.7
Short Blades   | 1 2 3 4 |  4.2
Long Blades    | 1 2 3 4 |  4.2
Maces & Flails | 1 2 3 4 |  4.2
Polearms       | 1 2 3 4 |  4.2
Staves         | 1 2 3 4 |  4.2
Slings         | 1 2 3 4 |  4.2
Bows           | 1 2 3 4 |  4.2
Crossbows      | 1 2 3 4 |  4.2
Stealth        | 1 2 3 4 |  4.2
Shields        | 1 2 3 4 |  4.2
Unarmed Combat | 1 2 3 4 |  4.2
Evocations     | 1 2 3 4 |  4.2
Conjurations   | 1 2 3 |  3.5
Hexes          | 1 2 3 |  3.5
Summonings     | 1 2 3 |  3.5
Necromancy     | 1 2 3 |  3.5
Transmutations | 1 2 3 |  3.5
Fire Magic     | 1 2 3 |  3.5
Ice Magic      | 1 2 3 |  3.5
Air Magic      | 1 2 3 |  3.5
Earth Magic    | 1 2 3 |  3.5
Poison Magic   | 1 2 3 |  3.5
Throwing       | 3 4 5 |  5.0
Armour         | 3 4 5 |  5.0
Fighting       | 5 6 |  6.3
Axes           | 5 6 |  6.3
Dodging        | 5 6 |  6.3
Translocations | 6 |  6.5

Action                   |  1- 3 |  4- 6 |  7- 9 || total
-------------------------+-------+-------+-------++-------
Melee: Hand axe          |    96 |   133 |   111 ||   340
       Bite              |     9 |    16 |    29 ||    54
       Punch             |       |     1 |     1 ||     2
       Quarterstaff      |       |       |    79 ||    79
       Battleaxe         |       |       |   104 ||   104
 Fire: Arbalest          |       |       |     5 ||     5
Throw: Dart              |    12 |    17 |    55 ||    84
       Boomerang         |       |    16 |     7 ||    23
 Cast: Blink             |     3 |       |    19 ||    22
       Gell's Gravitas   |       |     6 |     3 ||     9
Evoke: Wand              |       |       |     5 ||     5
  Use: Scroll            |     1 |     1 |     4 ||     6
       Potion            |       |     1 |     4 ||     5
Armor: Leather armour    |    25 |    30 |    98 ||   153
Dodge: Dodged            |    89 |    97 |   304 ||   490
Block: Other             |       |       |    29 ||    29
